 Dungeon Crawl Stone Soup version 0.21.1-74-g47da925 (webtiles) character file.

27 Takoki the Grave Robber (level 3, -1/26 HPs)
             Began as a Hill Orc Necromancer on Aug 12, 2018.
             Slain by Sigmund
             ... wielding a +0 scythe
              (9 damage)
             ... on level 2 of the Dungeon.
             The game lasted 00:27:42 (785 turns).

Takoki the Grave Robber (Hill Orc Necromancer)       Turns: 785, Time: 00:27:43

Health: -1/26      AC:  8    Str:  9 (10) XL:     3   Next: 10%
Magic:  6/6        EV:  8    Int: 17 (19) God:
Gold:   47         SH:  0    Dex:  8 (11) Spells: 4/6 levels left

rFire    . . .     SeeInvis .   l - +0 whip
rCold    . . .     Gourm    .   (no shield)
rNeg     . . .     Faith    .   d - +1 scale mail
rPois    .         Spirit   .   (no helmet)
rElec    .         Reflect  .   (no cloak)
rCorr    .         Harm     .   (no gloves)
MR       .....                  i - +0 pair of boots
Stlth    ..........             (no amulet)
HPRegen  0.08/turn              h - +3 ring of intelligence
MPRegen  0.10/turn              (no ring)

@: no status effects
A: no striking features
a: no special abilities


You were on level 2 of the Dungeon.
You were not hungry.

You visited 1 branch of the dungeon, and saw 2 of its levels.

You collected 47 gold pieces.

Inventory:

Hand Weapons
 c - a +1 dagger of venom
 k - a +0 club
 l - a +0 whip (weapon)
 n - a +0 club
Missiles
 g - 21 stones (quivered)
Armour
 a - a +0 robe
 d - a +1 scale mail (worn)
 i - a +0 pair of boots (worn)
 m - a +0 ring mail
Jewellery
 h - a +3 ring of intelligence (left hand)
Scrolls
 e - a scroll of identify
Potions
 j - a potion of haste {unknown}
 o - a potion of lignification {unknown}
Books
 b - a book of Necromancy

   Spells                             Type                      Level
   a - Pain                           Necromancy                   1
   b - Animate Skeleton               Necromancy                   1
   c - Vampiric Draining              Necromancy                   3
   d - Regeneration                   Charms/Necromancy            3
   e - Animate Dead                   Necromancy                   4
   f - Borgnjor's Vile Clutch         Necromancy/Earth             5
Comestibles
 f - 11 chunks of flesh


   Skills:
 + Level 0.2 Maces & Flails
 + Level 0.3 Throwing
 + Level 1.6 Dodging
 + Level 1.5 Stealth
 + Level 0.2 Unarmed Combat
 + Level 2.0 Spellcasting
 + Level 4.3 Necromancy


You had 4 spell levels left.
You knew the following spells:

 Your Spells              Type           Power        Failure   Level  Hunger
a - Pain                  Necr           ###.         26%         1    #......
b - Animate Skeleton      Necr           N/A          26%         1    #......


Dungeon Overview and Level Annotations

Branches:
Dungeon (2/15)

Altars:
Sif Muna

Annotations:
D:2 Sigmund


Message History

Press ? for a list of commands and other information.
You see here 4 arrows.
Some of the chunks of flesh in your inventory have rotted away.
Sigmund the Dreaded comes into view.
He is wielding a scythe.
Sigmund gestures wildly while chanting.
Sigmund flickers and vanishes!
Deactivating autopickup; reactivate with Ctrl-A.
Found a fizzy black potion.
There is a strange disturbance nearby!
There is a strange disturbance nearby!
There is a strange disturbance nearby!
There is a strange disturbance nearby!
You see here a fizzy black potion.
You hear some strange, mumbled words.
Something tries to affect you, but you resist.
You see here a fizzy black potion.
o - a fizzy black potion Something hits you.
You miss something. Something hits you!
You die...

.#,8,8,#.#,8,8,**,,,,,,,,,*******
##,,_,,#.#,,_,,###,,,,,,,*,,,,,**
*,8,,,#.#,,,8,#.#*,,,,,**,,*,***
***,,,+#.#+,,,##.#**,,,***,,*,*
#.#####...#####(.# **,** *,,*,*
........⌠...(....#***,* **,,*,*
,.#####...#####..#*,,,* *,,,*,*
**#...'#.#+,,,##{#*,*,* *,*,*,*
#.8...#.#,,,8,#@#*,*,* *,*,*,*
#.._..#.#,,_,,#.#*,*,***,,,,,*
*#.8.8.#.#,8,8,#.#*,*,,,,*,,,,*
,##...##.#*,,,*#.#*,****,,,,,****
**####*...*****#.#*,***,,,,,,,,,,
*** *#.#* #.#,*,**,,,,****** ,,*
*,,* #..***,,,,,,,* *,*****,*****
###,*,,*,,,*,* ,,,,,,,,,,,,*
****,,,,,,,*,*


There were no monsters in sight!

Vanquished Creatures
  An adder (D:2)
  A dart slug (D:1)
  3 hobgoblins
  3 bats
  2 goblins
  2 kobolds
  5 rats
17 creatures vanquished.

Notes
Turn   | Place    | Note
-------+----------+-------------------------------------------
     0 | D:1      | Takoki the Hill Orc Necromancer began the quest for the Orb.
     0 | D:1      | Reached XP level 1. HP: 14/14 MP: 3/3
    65 | D:1      | Learned a level 1 spell: Animate Skeleton
   448 | D:1      | Reached XP level 2. HP: 15/20 MP: 0/4
   695 | D:2      | Reached XP level 3. HP: 13/26 MP: 2/6
   769 | D:2      | Found a deep blue altar of Sif Muna.
   776 | D:2      | Noticed Sigmund
   785 | D:2      | Slain by Sigmund

Skill      XL: |  1  2 |
---------------+-------+-----
Spellcasting   | 2 |  2.0
Maces & Flails | |  0.2
Throwing       | |  0.3
Dodging        | |  1.6
Stealth        | |  1.5
Unarmed Combat | |  0.2
Necromancy     | |  4.3

Action                   || total
-------------------------++-------
Melee: Unarmed           ||    36
       Dagger            ||     9
       Whip              ||    37
Throw: Stone             ||    29
 Cast: Pain              ||    10
       Animate Skeleton  ||     1
  Use: Scroll            ||     4
       Potion            ||     1
  Eat: Ration            ||     1
Armor: Scale mail        ||    85
Dodge: Dodged            ||    60
